 Dungeon Crawl Stone Soup version 0.21.1-1-g345015f (webtiles) character file.

78 grindst0ne the Gusty (level 3, -1/26 HPs)
             Began as a Demigod Air Elementalist on Feb 26, 2018.
             Slain by a worm (8 damage)
             ... on level 2 of the Dungeon.
             The game lasted 00:02:44 (1100 turns).

grindst0ne the Gusty (Demigod Air Elementalist)     Turns: 1100, Time: 00:02:45

Health: -1/26      AC:  5    Str: 13    XL:     3   Next: 94%
Magic:  1/8        EV: 12    Int: 19    God:
Gold:   30         SH:  0    Dex: 16    Spells: 4/5 levels left

rFire    . . .     SeeInvis .   h - +0 club
rCold    . . .     Gourm    .   (no shield)
rNeg     . . .     Faith    .   a - +0 robe
rPois    .         Spirit   .   (no helmet)
rElec    .         Reflect  .   (no cloak)
rCorr    .         Harm     .   l - +1 pair of gloves
MR       .....                  d - +0 pair of boots {Fly}
Stlth    ++........             (no amulet)
HPRegen  0.08/turn              (no ring)
MPRegen  0.11/turn              (no ring)

@: flying
A: high mp 1
a: Stop Flying


You were on level 2 of the Dungeon.
You were not hungry.

You visited 1 branch of the dungeon, and saw 2 of its levels.

You collected 30 gold pieces.

Inventory:

Hand Weapons
 h - a +0 club (weapon)
Armour
 a - a +0 robe (worn)
 d - a +0 pair of boots of flying (worn)
 l - a +1 pair of gloves (worn)
 m - a +0 scale mail
Jewellery
 o - an uncursed ring of protection from fire {unknown}
Scrolls
 f - a scroll of random uselessness {unknown}
 i - a scroll of teleportation {unknown}
 j - 4 scrolls of identify {unknown}
Potions
 e - a potion of curing {unknown}
 k - a potion of agility {unknown}
 n - a potion of ambrosia {unknown}
Books
 b - a book of Air

   Spells                             Type                      Level
   a - Shock                          Conjuration/Air              1
   b - Swiftness                      Charms/Air                   2
   c - Static Discharge               Conjuration/Air              3
   d - Airstrike                      Air                          4
   e - Lightning Bolt                 Conjuration/Air              5
Comestibles
 c - a ration
 g - a chunk of flesh


   Skills:
 - Level 1.7 Dodging
 - Level 1.7 Stealth
 - Level 1.7 Spellcasting
 - Level 0.8 Conjurations
 + Level 4.6 Air Magic


You had 4 spell levels left.
You knew the following spells:

 Your Spells              Type           Power        Failure   Level  Hunger
a - Shock                 Conj/Air       ##..         5%          1    #......


Dungeon Overview and Level Annotations

Branches:
Dungeon (2/15)


Innate Abilities, Weirdness & Mutations

You have an increased reservoir of magic. (+10% MP)


Message History

Confirm with . or Enter, or press ? or * to list all spells.
Aiming: Shock
Press: ? - help, Shift-Dir - straight line, f/p - worm
Aim: a worm (moderately wounded)
The zap hits the worm.
The worm is severely wounded.
The worm bites you.
You hit the worm but do no damage.
The worm is heavily wounded.
You hit the worm but do no damage.
The worm is heavily wounded.
The worm bites you!
You hit the worm.
The worm is heavily wounded.
The worm bites you.
* * * LOW HITPOINT WARNING * * *
You hit the worm but do no damage.
The worm is heavily wounded.
The worm bites you!
You die...

#..#.#.##.. .........##.#...##
#..#.#.##.# ###...)[.........
#..#.#.##.# ..#####..##.##..## ##
#..#)#.##.##.# #..##.##..#
.###...........# ###..##.##..#
..÷..÷........## #.##..##.##..#
.###.##........###.# #..##.##..#
.# #.####.##.##w#.# #..##.....#
.# #.# #.##.###@.####(.####...#
.# #.# #.##.# #...............#
[# #.####.##.###............(.##
.# #...........#.#.####.P.P...###
.# #######.........# #.._.......
.###########.#.#.######.P.P...###
.............#.#..............#
##############...............##
#################


You could see a worm.

Vanquished Creatures
  A crimson imp (D:2)
  A gnoll (D:1)
  An adder (D:2)
  A dart slug (D:1)
  A leopard gecko (D:2)
  4 bats
  3 goblins
  2 hobgoblins
  A quokka (D:2)
  2 frilled lizards
  5 kobolds
  3 rats
25 creatures vanquished.

Notes
Turn   | Place    | Note
-------+----------+-------------------------------------------
     0 | D:1      | grindst0ne the Demigod Air Elementalist began the quest for the Orb.
     0 | D:1      | Reached XP level 1. HP: 14/14 MP: 5/5
    70 | D:1      | Reached skill level 3 in Air Magic
    81 | D:1      | Reached XP level 2. HP: 18/20 MP: 0/7
   807 | D:2      | Found a basalt altar of Yredelemnul.
   907 | D:2      | Reached skill level 4 in Air Magic
   907 | D:2      | Reached XP level 3. HP: 25/26 MP: 2/8
  1100 | D:2      | Slain by a worm

Skill      XL: |  1  2 |
---------------+-------+-----
Air Magic      | 3 4 |  4.6
Dodging        | |  1.7
Stealth        | |  1.7
Spellcasting   | |  1.7
Conjurations   | |  0.8

Action                   || total
-------------------------++-------
Melee: Unarmed           ||     4
       Club              ||    29
 Cast: Shock             ||    63
  Eat: Chunk             ||     2
Armor: Robe              ||    37
Dodge: Dodged            ||    74
